 Dungeon Crawl Stone Soup version 0.30.1-9-gdf580d7c3d (webtiles) character file.

Game seed: 2219298763116094926

545216 Dillybarz the Conqueror (level 24, -7/224 HPs)
             Began as a Minotaur Fighter on Oct 4, 2023.
             Was a High Priest of Okawaru.
             Mangled by a red draconian
             ... wielding a +0 flail
              (12 damage)
             ... on level 2 of the Realm of Zot on Oct 5, 2023.
             The game lasted 03:55:54 (47682 turns).

Dillybarz the Conqueror (Minotaur Fighter)         Turns: 47682, Time: 03:55:55

Health: -7/224     AC: 58    Str: 32 (33) XL:     24   Next: 27%
Magic:  28/28      EV: 12    Int:  7      God:    Okawaru [*****.]
Gold:   4244       SH: 28    Dex: 24      Spells: 23/23 levels left

rFire   + + .        c - +4 broad axe of Tartarus {freeze, *Noise rF+++ Dex+7 Stlth+}
rCold   . . .        O - +0 tower shield
rNeg    . . .        Z - +6 crystal plate armour {rC+}
rPois   .            T - +0 hat "Wesixilatam" {Will+ Slay+3}
rElec   +            S - +2 cloak of the Hart {Will++}
rCorr   .            Q - +5 pair of gloves of the Beloved Grue {Fly rElec}
SInv    .            f - +2 pair of boots "Diecyid" {Str+5 Dex+4}
Will    ++++.        C - amulet of regeneration Stlth
                     p - +4 ring of slaying
HPRegen 1.37/turn    s - +4 ring of protection
MPRegen 0.21/turn

%: random rage (3%)
@: lethally poisoned (-7 -> -12), heroic, on berserk cooldown, flying, slowed,
studying 2 skills, very slow
A: horns 2, retaliatory headbutt, iridescent scales 1, berserk 1, deterioration
1, frail 1, low MP 1, wild magic 1, cold vulnerability 1, heat vulnerability 1
}: 4/15 runes: barnacled, slimy, silver, gossamer
a: Renounce Religion, Heroism, Finesse, Duel


You were on level 2 of the Realm of Zot.
You worshipped Okawaru.
Okawaru was extremely pleased with you.
You visited 10 branches of the dungeon, and saw 48 of its levels.
You visited 1 bazaar.
You also visited: Bailey, Ice Cave, Volcano and Wizlab.

You collected 6968 gold pieces.
You spent 2724 gold pieces at shops.

Inventory:

Hand Weapons
 c - the +4 broad axe of Tartarus (weapon) {freeze, *Noise rF+++ Dex+7 Stlth+}
   (Okawaru gifted it to you on level 4 of the Shoals)

   Dex:       It affects your dexterity (+7).
   rF:        It renders you almost immune to fire.
   *Noise:    It may make noises in combat.
   Stlth:     It makes you more stealthy.
Missiles
 e - 74 poisoned darts
 k - 12 datura-tipped darts
 l - 11 javelins (quivered)
 m - 15 curare-tipped darts
 G - 2 boomerangs
 H - 14 silver javelins
 W - 19 atropa-tipped darts
Armour
 f - the +2 pair of boots "Diecyid" (worn) {Str+5 Dex+4}
   (You found it on level 4 of the Spider Nest)

   Str:       It affects your strength (+5).
   Dex:       It affects your dexterity (+4).
 O - a +0 tower shield (worn)
 Q - the +5 pair of gloves of the Beloved Grue (worn) {Fly rElec}
   (Okawaru gifted it to you on level 13 of the Dungeon)

   rElec:     It insulates you from electricity.
   Fly:       It grants you flight.
 S - the +2 cloak of the Hart (worn) {Will++}
   (You found it in a bailey)

   Will:      It greatly increases your willpower.
 T - the +0 hat "Wesixilatam" (worn) {Will+ Slay+3}
   (You found it on level 9 of the Dungeon)

   Slay:      It affects your accuracy & damage with ranged weapons and melee
   (+3).
   Will:      It increases your willpower.
 Z - a +6 crystal plate armour of cold resistance (worn)
Jewellery
 b - a ring of resist corrosion
 h - a ring of see invisible
 j - a ring of positive energy
 n - a ring of willpower
 p - a +4 ring of slaying (left hand)
 s - a +4 ring of protection (right hand)
 y - a ring of protection from cold
 C - an amulet of regeneration (around neck)
 D - a +5 ring of evasion
 E - a ring of fire
 N - a ring of protection from cold
 P - a ring of fire
Scrolls
 a - 5 scrolls of immolation
 g - 2 scrolls of magic mapping
 i - 6 scrolls of fog
 o - 9 scrolls of blinking
 t - 25 scrolls of teleportation
 B - 4 scrolls of fear
 M - 2 scrolls of poison
 X - 2 scrolls of silence
Potions
 d - 9 potions of might
 q - 5 potions of resistance
 r - 23 potions of curing
 u - 9 potions of mutation
 w - 6 potions of invisibility
 x - 4 potions of berserk rage
 z - 4 potions of cancellation
 A - 7 potions of ambrosia
 F - 5 potions of magic
 I - 8 potions of lignification
 R - 7 potions of flight
 U - 9 potions of haste
 V - 3 potions of heal wounds


   Skills:
 O Level 27 Fighting
 + Level 19.7(24.7) Axes
 - Level 10.0(15.0) Throwing
 O Level 27 Armour
 O Level 27 Shields
 - Level 13.0 Invocations


You had 23 spell levels left.
You didn't know any spells.
Your spell library contained the following spells:

 Spells                   Type           Power      Damage    Failure   Level
 Apportation              Tloc           0%         N/A       95%         1
 Foxfire                  Conj/Fire      0%         2x1d4     95%         1
 Freeze                   Ice            0%         1d3       95%         1
 Magic Dart               Conj           0%         1d3       95%         1
 Necrotise                Necr           0%         1d4       95%         1
 Shock                    Conj/Air       0%         1d3       95%         1
 Slow                     Hex            0%         N/A       95%         1
 Cigotuvi's Dreadful Rot  Necr/Pois/Air  0%         N/A       98%         2
 Searing Ray              Conj           0%         2d4       98%         2
 Confusing Touch          Hex            0%         N/A       100%        3
 Dazzling Flash           Conj/Hex       0%         N/A       100%        3
 Frozen Ramparts          Ice            0%         1d1       100%        3
 Hailstorm                Conj/Ice       0%         3d3       100%        3
 Ignite Poison            Fire/Tmut/Pois 0%         N/A       100%        3
 Inner Flame              Hex/Fire       0%         N/A       100%        3
 Mephitic Cloud           Conj/Pois/Air  0%         N/A       100%        3
 Ozocubu's Armour         Ice            0%         N/A       100%        3
 Portal Projectile        Hex/Tloc       0%         N/A       100%        3
 Swiftness                Air            0%         N/A       100%        3
 Vampiric Draining        Necr           0%         2d6       100%        3
 Vhi's Electric Charge    Tloc/Air       0%         N/A       100%        3
 Volatile Blastmotes      Fire/Tloc      0%         2d10      100%        3
 Airstrike                Air            0%         2d(0-16)  100%        4
 Dispel Undead            Necr           0%         3d6       100%        4
 Flame Wave               Conj/Fire      0%         2d4       100%        4
 Fulminant Prism          Conj/Hex       0%         3d5       100%        4
 Ice Form                 Ice/Tmut       0%         N/A       100%        4
 Iskenderun's Mystic Bla  Conj/Tloc      0%         2d3       100%        4
 Passage of Golubria      Tloc           0%         N/A       100%        4
 Sticky Flame             Conj/Fire      0%         2d3       100%        4
 Arcjolt                  Conj/Air       0%         1d10      100%        5
 Blade Hands              Tmut           0%         N/A       100%        5
 Borgnjor's Vile Clutch   Necr/Erth      0%         N/A       100%        5
 Fireball                 Conj/Fire      0%         3d3       100%        5
 Freezing Cloud           Conj/Ice/Air   0%         6-21      100%        5
 Metabolic Englaciation   Hex/Ice        0%         N/A       100%        5
 Yara's Violent Unravell  Hex/Tmut       0%         3d3       100%        5
 Conjure Ball Lightning   Conj/Air       0%         3x3d6     100%        6
 Iron Shot                Conj/Erth      0%         9d1       100%        6
 Plasma Beam              Fire/Air       0%         2x1d11    100%        6
 Starburst                Conj/Fire      0%         6d3       100%        6
 Storm Form               Tmut/Air       0%         N/A       100%        7
 Discord                  Hex            0%         N/A       100%        8
 Disjunction              Tloc           0%         N/A       100%        8
 Ignition                 Fire           0%         3d3       100%        8
 Maxwell's Capacitive Co  Air            0%         ∞         100%        8
 Necromutation            Tmut/Necr      0%         N/A       100%        8
 Summon Small Mammal      Summ           Unusable   N/A       N/A         1
 Tukima's Dance           Hex            Unusable   N/A       N/A         3
 Animate Armour           Summ/Erth      Unusable   N/A       N/A         4
 Animate Dead             Necr           Unusable   N/A       N/A         4
 Summon Ice Beast         Ice/Summ       Unusable   N/A       N/A         4
 Summon Lightning Spire   Summ/Air       Unusable   N/A       N/A         4
 Death Channel            Necr           Unusable   N/A       N/A         6
 Simulacrum               Ice/Necr       Unusable   N/A       N/A         6

Dungeon Overview and Level Annotations

Branches:
Dungeon (15/15)            Temple (1/1) D:6            Lair (5/5) D:9
 Shoals (4/4) Lair:3       Spider (4/4) Lair:2        Slime (5/5) Lair:4
    Orc (2/2) D:12            Elf (0/3) Orc:2        Vaults (5/5) D:14
  Crypt (0/3) Vaults:2     Depths (4/4) D:15            Zot (3/5) Depths:4
 Bailey (visited)           IceCv (visited)         Volcano (visited)
 WizLab (visited)

Altars:
Ashenzari
Cheibriados
Dithmenos
Elyvilon
Gozag
Hepliaklqana
Makhleb
Okawaru
Qazlal
Ru
Sif Muna
Trog
Uskayaw
Vehumet
Wu Jian
Xom
Zin
The Shining One
Jiyva
Lugonu

Shops:
D:9 *   D:11 *   D:13 :   Orc:2 [*=(*?   Shoals:1 *   Shoals:3 :
Vaults:4 *:(*   Vaults:5 (   Depths:2 =

Portals:
Hell: Depths:1 Depths:2 Depths:3 Depths:4
Abyss: Depths:1 Depths:2 Depths:3
Pandemonium: Depths:2 Depths:3
Ziggurat: Depths:4

Annotations:
D:9 6 runed translucent doors
Lair:5 exclusion: obsidian statue


Innate Abilities, Weirdness & Mutations

You have a pair of horns on your head.
You reflexively headbutt those who attack you in melee.
You are partially covered in iridescent scales. (AC +2)
You sometimes lose your temper in combat.
Your body sometimes deteriorates upon taking damage.
You are frail. (-10% HP)
Your magical capacity is low. (-10% MP)
Your spells are a little harder to cast, but a little more powerful.
You are vulnerable to cold. (rC-)
You are vulnerable to heat. (rF-)


Message History

You are more poisoned.
* * * LOW HITPOINT WARNING * * *
You feel extremely sick.
The green draconian breathes poison at you.
The blast of poison engulfs you.
You are more poisoned.
* * * LOW HITPOINT WARNING * * *
The red draconian is engulfed in poison gas.
The red draconian looks as sick as possible!
You are engulfed in poison gas.
You are more poisoned.
* * * LOW HITPOINT WARNING * * *
x2 You feel extremely sick.
The red draconian is engulfed in poison gas.
The red draconian looks as sick as possible!
The red draconian breathes fire at you. The searing blast hits you. You resist.
* * * LOW HITPOINT WARNING * * *
The red draconian is engulfed in poison gas.
The red draconian looks as sick as possible!
The green draconian hits you but does no damage.
The green draconian tail-slaps you but does no damage.
You feel much better.
You are engulfed in poison gas.
You are lethally poisoned!
* * * LOW HITPOINT WARNING * * *
x2 You feel extremely sick.
You block the green draconian's attack. x2
The red draconian looks as sick as possible!
The red draconian barely misses you. You furiously retaliate!
You headbutt the red draconian!!
You feel better.
You are engulfed in poison gas.
You are poisoned.
* * * LOW HITPOINT WARNING * * *
x2 You feel extremely sick.
The green draconian hits you but does no damage.
You block the green draconian's attack.
The red draconian is engulfed in poison gas.
The red draconian looks as sick as possible!
The red draconian hits you with a +0 flail!
You die...

### .# ###....... ######
...##......... ......######
..............
...........###.............
.......°°°...###^..........
#####.°..°.[...##..........
####°°d.....#..........
###@d°[...##........
#°°°........#.....
#.○°........##....
##.....#....##....
#....##...####...
#[.###....# #...
####......# ##.. ##....##
#.. #....# ##.


You could see a green draconian and a red draconian (extremely poisoned).

Vanquished Creatures
  Dissolution (Slime:2)
  the Royal Jelly (Slime:5)
  A dread lich (Vaults:5)
  An orb of fire (Zot:2)
  2 juggernauts
  Sojobo (Depths:2)
  Saint Roka (Orc:1)
  2 curse toes (Zot:2)
  4 caustic shrikes
  9 golden dragons
  Nikola (Vaults:2)
  Arachne (Spider:3)
  Jorgrun (D:12)
  Rupert (D:14)
  A walking earthen tome (Depths:2)
  9 tentacled monstrosities
  A walking frostbound tome (Depths:3)
  A walking crystal tome (Depths:2)
  5 titans
  4 quicksilver dragons
  2 liches
  16 acid blobs
  11 sphinxes
  2 krakens
  Polyphemus (Shoals:2)
  3 death cobs
  An ancient champion (Vaults:2)
  9 shadow dragons
  15 storm dragons
  10 tengu reavers
  Agnes (Spider:3)
  Donald (Slime:3)
  4 azure jellies
  A draconian monk (Depths:4)
  2 deep elf sorcerers (Vaults:5)
  9 rockslimes
  2 iron dragons
  10 fire giants
  8 emperor scorpions
  9 frost giants
  5 ghost moths
  18 vault wardens
  A draconian knight (Zot:1)
  A curse skull (Vaults:2)
  2 balrugs (Depths:1)
  2 draconian stormcallers (Zot:1)
  2 draconian shifters
  A caustic shrike zombie (WizLab)
  2 draconian annihilators (Zot:1)
  2 draconian scorchers
  27 ironbound preservers
  A reaper (IceCv)
  Aizul (Vaults:2)
  14 quicksilver oozes
  5 spriggan defenders
  Louise (D:15)
  2 war gargoyles
  14 ironbound thunderhulks
  2 broodmothers (Spider:2)
  16 very ugly things
  The ghost of laqueoix the Eclecticist, a journeyman DECj of Vehumet (Spider:3)
  12 stone giants
  3 deep elf annihilators
  2 vampire knights
  7 dire elephants
  10 purple draconians
  4 green draconians
  A black draconian (Zot:1)
  4 yellow draconians
  8 red draconians
  14 spark wasps
  2 eidola (Vaults:3)
  5 white draconians
  3 deep elf death magi (Vaults:5)
  5 merfolk javelineers
  A crystal guardian (Vaults:4)
  10 ettins
  10 fire dragons
  3 deep elf high priests (Vaults:5)
  3 entropy weavers
  9 great orbs of eyes
  2 merfolk impalers
  A peacekeeper (Vaults:4)
  2 rakshasas
  7 hydras
  9 yaktaur captains
  3 hell beasts
  A catoblepas (Shoals:2)
  An anaconda (shapeshifter) (Depths:3)
  An ogre mage (Vaults:4)
  5 centaur warriors
  34 vault guards
  3 radroaches
  9 ice dragons
  9 ironbound frosthearts
  8 two-headed ogres
  4 satyrs (Shoals:4)
  9 boulder beetles
  5 spriggan air magi
  A jorogumo (Spider:3)
  A merfolk avatar (Shoals:1)
  6 tengu warriors
  4 merfolk aquamancers (Shoals:4)
  2 death scarabs (Spider:3)
  8 deep troll shamans
  3 deep troll earth magi
  10 hell knights
  3 spriggan berserkers
  A soul eater (Depths:2)
  5 death yaks
  An orc high priest (Orc:2)
  A spectral emperor scorpion (Spider:3)
  Amaemon (D:11)
  2 skysharks
  Nergalle (Lair:1)
  A shadow wraith (Vaults:5)
  3 spectral death yaks (Lair:5)
  A spectral ghost moth (Spider:3)
  4 flayed ghosts
  3 pharaoh ants
  The ghost of middlethird the Carver, a novice FoNe (D:5)
  9 iron trolls
  A sixfirhy (Depths:2)
  9 sea snakes
  6 orb spiders
  12 skeletal warriors
  73 deep trolls
  A quicksilver dragon simulacrum (Depths:4)
  A spectral anaconda (Lair:5)
  Pikel (D:6)
  3 phantasmal warriors (Vaults:5)
  3 glowing orange brains
  A tengu zombie (Vaults:2)
  15 harpies
  5 lindwurms
  5 wizards
  15 steelbarb worms
  A deep elf archer (D:14)
  A mana viper (shapeshifter) (Vaults:5)
  16 ironbound convokers
  3 deep elf pyromancers
  26 wolf spiders
  A sphinx zombie (Vaults:2)
  4 necromancers
  2 deep elf zephyrmancers
  9 orc knights
  A stone giant zombie (Vaults:2)
  13 fauns
  2 orc sorcerers (Orc:2)
  8 manticores
  16 moths of wrath
  23 ugly things
  12 elephants (Lair:5)
  8 cyclopes
  A moth of wrath (shapeshifter) (D:15)
  3 water nymphs
  6 merfolk sirens
  A demonspawn zombie (WizLab)
  Maurice (D:12)
  8 shining eyes
  3 ice statues
  A water nymph (shapeshifter) (Vaults:5)
  3 black mambas
  21 vault sentinels
  2 eyes of devastation
  3 gargoyles
  9 demonic crawlers
  3 centaur skeletons (D:14)
  4 unseen horrors
  3 torpor snails
  An emperor scorpion simulacrum (Spider:3)
  4 orange demons
  Maggie (D:6)
  11 cane toads
  3 kobold demonologists (D:9)
  2 dire elephant skeletons (Lair:5)
  An anaconda simulacrum (IceCv)
  2 tengu conjurers (Depths:4)
  36 yaktaurs
  8 komodo dragons
  A ghost moth simulacrum (Spider:3)
  A yaktaur skeleton (Vaults:2)
  8 ice devils
  2 red devils (Depths:2)
  2 hellwings (Depths:2)
  17 merfolk
  4 wind drakes
  9 trolls
  4 hornets (Depths:3)
  Grinder (D:3)
  A polar bear (Lair:3)
  5 meliai
  3 wolf spider simulacra (Spider:3)
  26 tarantellas
  11 blink frogs
  A spectral elephant (Lair:5)
  Sigmund (D:5)
  4 dream sheep (Shoals:1)
  76 slime creatures
  10 snapping turtles
  A shadow (D:11)
  32 jumping spiders
  23 culicivoras
  5 dire elephant simulacra
  3 wyverns
  13 spriggans
  7 golden eyes
  A vampire (D:7)
  6 basilisks
  3 wraiths
  5 water elementals
  38 yaks
  10 vampire mosquitoes
  A redback (shapeshifter) (Depths:3)
  3 steam dragons
  75 redbacks
  3 harpy simulacra (IceCv)
  Edmund (D:5)
  A spectral cane toad (Lair:5)
  4 wargs
  An ogre zombie (Vaults:2)
  3 hydra simulacra (IceCv)
  13 water moccasins
  An acid dragon (D:7)
  3 floating eyes
  4 ice beasts
  3 elephant zombies (Lair:5)
  36 orc warriors
  4 black bears
  8 ogres
  12 wolves
  A boggart (D:14)
  3 elephant skeletons (Lair:5)
  14 centaurs
  3 phantoms
  3 lemures (D:6)
  5 kobold brigands
  16 bullfrogs
  4 gnoll sergeants
  A scorpion (D:7)
  4 cane toad simulacra
  2 entropy weaver simulacra (Spider:3)
  10 wights
  An elephant simulacrum (IceCv)
  6 killer bees
  8 electric eels
  9 howler monkeys
  A crimson imp (D:8)
  20 orc priests
  Crazy Yiuf (D:6)
  7 hounds
  A hound (shapeshifter) (Depths:3)
  2 gnoll boudas
  4 sleepcaps
  5 iguanas
  Natasha (thrice) (D:2)
  Terence (D:2)
  19 orc wizards
  A troll simulacrum (IceCv)
  A boggart skeleton (D:14)
  Robin (D:2)
  10 gnolls
  13 adders
  A shadow imp (D:6)
  6 white imps
  An ufetubus (D:5)
  4 worms
  6 dart slugs
  73 orcs
  9 ball pythons
  8 endoplasms
  A giant cockroach (D:1)
  14 goblins
  14 hobgoblins
  3 jackals (D:1)
  5 quokkas
  3 bats
  5 frilled lizards
  21 kobolds
  6 rats
  4 tentacles
1898 creatures vanquished.

Vanquished Creatures (others)
  A draconian knight (Zot:2)
  An orc warrior (Vaults:5)
  A gnoll bouda (D:4)
  An orc wizard (Orc:2)
  3 adders (D:4)
  A quokka (D:4)
  9 tentacles
17 creatures vanquished.

Grand Total: 1915 creatures vanquished

Notes
Turn   | Place    | Note
-------+----------+-------------------------------------------
     0 | D:1      | Dillybarz the Minotaur Fighter began the quest for the Orb.
     0 | D:1      | Reached XP level 1. HP: 19/19 MP: 0/0
   173 | D:1      | Reached XP level 2. HP: 27/27 MP: 1/1
   490 | D:1      | Reached XP level 3. HP: 33/33 MP: 2/2
   854 | D:2      | Found a faded altar of an unknown god.
   959 | D:2      | Reached XP level 4. HP: 33/40 MP: 3/3
  1017 | D:2      | Noticed Terence
  1024 | D:2      | Killed Terence
  1025 | D:2      | You fall into a shaft and drop 1 floor!
  1231 | D:2      | Found an opulent altar of Gozag.
  1246 | D:2      | Noticed Natasha
  1258 | D:2      | Killed Natasha
  1259 | D:2      | Reached XP level 5. HP: 41/47 MP: 4/4
  1292 | D:2      | Noticed Robin
  1319 | D:2      | Killed Robin
  1428 | D:2      | Noticed Natasha
  1437 | D:2      | Killed Natasha
  1615 | D:2      | Noticed Natasha
  1618 | D:2      | Killed Natasha
  1829 | D:3      | Reached skill level 5 in Axes
  1884 | D:3      | Reached XP level 6. HP: 52/55 MP: 5/5
  2261 | D:3      | Reached skill level 5 in Armour
  2268 | D:3      | Found a radiant altar of Vehumet.
  2271 | D:3      | Noticed Grinder
  2278 | D:3      | Paralysed by Grinder for 5 turns
  2292 | D:3      | Paralysed by Grinder for 2 turns
  2299 | D:3      | Killed Grinder
  2300 | D:3      | Reached skill level 5 in Fighting
  2300 | D:3      | Reached skill level 5 in Shields
  2697 | D:4      | Reached XP level 7. HP: 61/61 MP: 6/6
  2750 | D:4      | Found a shimmering altar of Xom.
  3312 | D:4      | Identified the +0 leather armour of Distant Shores {Contam
                  | rPois Will+}
  3455 | D:5      | Entered Level 5 of the Dungeon
  3481 | D:5      | Noticed Edmund
  3493 | D:5      | Killed Edmund
  3494 | D:5      | Reached XP level 8. HP: 56/70 MP: 7/7
  3733 | D:5      | Noticed middlethird's ghost (novice FoNe)
  3736 | D:5      | Found a runed translucent door.
  3831 | D:5      | Killed middlethird's ghost
  4163 | D:5      | Noticed Sigmund
  4195 | D:5      | Killed Sigmund
  4196 | D:5      | Reached XP level 9. HP: 72/79 MP: 8/8
  4467 | D:6      | Found a runed translucent door.
  4468 | D:6      | Noticed Crazy Yiuf
  4476 | D:6      | Killed Crazy Yiuf
  4523 | D:6      | Noticed Maggie
  4539 | D:6      | Killed Maggie
  4556 | D:6      | Reached skill level 10 in Axes
  4559 | D:6      | Noticed Pikel
  4584 | D:6      | Killed Pikel
  4777 | D:6      | Found a staircase to the Ecumenical Temple.
  4786 | Temple   | Entered the Ecumenical Temple
  4863 | Temple   | Became a worshipper of Warmaster Okawaru
  5259 | D:7      | Reached * piety under Okawaru
  5264 | D:7      | Noticed an unseen horror
  5276 | D:7      | Killed an unseen horror
  5277 | D:7      | Reached XP level 10. HP: 84/90 MP: 9/9
  5284 | D:7      | Identified the ring of Bocealol {*Slow rCorr Str+2 Dex+6}
  5289 | D:7      | Noticed a gargoyle
  5294 | D:7      | Killed a gargoyle
  5295 | D:7      | Identified the staff of poison "Jempamah" {rPois rC+ Str+3
                  | Dex-4}
  5296 | D:7      | Noticed a two-headed ogre
  5302 | D:7      | Killed a two-headed ogre
  5302 | D:7      | Reached ** piety under Okawaru
  5303 | D:7      | Reached skill level 1 in Invocations
  5303 | D:7      | Identified the +1 pair of gloves of Vehumet's Hope {rC+}
  5308 | D:7      | Identified the staff of cold "Deonuepn" {rPois rC+ Dex+3
                  | Stlth+}
  5349 | D:7      | Identified the staff of conjuration "Sium" {rPois rF+}
  5461 | D:7      | Reached *** piety under Okawaru
  5704 | D:7      | Noticed a cyclops
  5713 | D:7      | Killed a cyclops
  5870 | D:7      | Found a hide-covered altar of Uskayaw.
  6276 | D:8      | Found a broken altar of Ashenzari.
  6403 | D:8      | Reached **** piety under Okawaru
  6416 | D:8      | Reached XP level 11. HP: 97/97 MP: 12/12
  6501 | D:8      | Noticed a two-headed ogre
  6514 | D:8      | Killed a two-headed ogre
  6633 | D:8      | Reached skill level 10 in Armour
  6649 | D:8      | Reached ***** piety under Okawaru
  7298 | D:9      | Found a flagged portal.
  7313 | D:9      | Reached skill level 10 in Shields
  7316 | Bailey   | Entered a bailey
  7370 | Bailey   | Reached skill level 10 in Fighting
  7377 | Bailey   | Noticed an orc knight
  7392 | Bailey   | Killed an orc knight
  7429 | Bailey   | Found a large runed translucent door.
  7429 | Bailey   | Found a large runed translucent door.
  7430 | Bailey   | Noticed a deep elf zephyrmancer
  7486 | Bailey   | Killed a deep elf zephyrmancer
  7492 | Bailey   | Identified the +2 cloak of the Hart {Will++}
  7509 | Bailey   | Identified the +2 sling of Lase {heavy, rF+ rC- Str+5
                  | Int+2}
  7516 | Bailey   | Identified the orb "Beuhin" {mayhem, Int+3 Slay+2}
  7698 | D:9      | Found Huthrodde's Assorted Antiques.
  7716 | D:9      | Bought a scroll of teleportation for 102 gold pieces
  7736 | D:9      | Found a runed translucent door.
  7815 | D:9      | Noticed a sun demon
  8175 | D:9      | Noticed a sixfirhy
  8280 | D:9      | Found a staircase to the Lair.
  8453 | D:9      | Found a runed translucent gate.
  8454 | D:9      | Identified the +0 hat "Wesixilatam" {Will+ Slay+3}
  8454 | D:9      | Noticed a boulder beetle
  8473 | D:9      | Found a runed translucent gate.
  8474 | D:9      | Found a runed translucent gate.
  8474 | D:9      | Found a runed translucent gate.
  8474 | D:9      | Found a runed translucent gate.
  8474 | D:9      | Noticed a lindwurm
  8475 | D:9      | Found a runed translucent gate.
  8475 | D:9      | Noticed a boulder beetle
  8531 | D:10     | Entered Level 10 of the Dungeon
  8533 | D:10     | Noticed a two-headed ogre
  8545 | D:10     | Killed a two-headed ogre
  8560 | D:10     | Found a bloodstained altar of Trog.
  8780 | D:10     | Reached skill level 1 in Throwing
  8838 | D:10     | Reached skill level 5 in Invocations
  9505 | Lair:1   | Entered Level 1 of the Lair of Beasts
  9566 | Lair:1   | Reached XP level 12. HP: 102/108 MP: 11/14
  9748 | Lair:1   | Identified the +8 hand axe of the Valley of Death
                  | {antimagic, *Noise rCorr Int+9} (Okawaru gifted it to you
                  | on level 1 of the Lair of Beasts)
  9748 | Lair:1   | Received a gift from Okawaru
  9841 | Lair:1   | Noticed Nergalle
  9850 | Lair:1   | Killed Nergalle
 10387 | Lair:1   | Reached skill level 15 in Axes
 10993 | Lair:2   | Noticed a four-headed hydra
 11002 | Lair:2   | Killed an eight-headed hydra
 11002 | Lair:2   | Identified the +10 broad axe of Waculi {drain, Fragile
                  | rPois rN+ Str+3} (Okawaru gifted it to you on level 2 of
                  | the Lair of Beasts)
 11002 | Lair:2   | Received a gift from Okawaru
 11224 | Lair:2   | Noticed an eight-headed hydra
 11234 | Lair:2   | Killed a 14-headed hydra
 11292 | Lair:2   | Found a hole to the Spider Nest.
 12182 | Lair:3   | Noticed a six-headed hydra
 12194 | Lair:3   | Killed an 11-headed hydra
 12195 | Lair:3   | Reached XP level 13. HP: 88/117 MP: 12/15
 12507 | Lair:3   | Identified the +5 leather armour "Ujiri" {Rampage *Slow
                  | Dex+5 Stlth+}
 12848 | Lair:3   | Found a staircase to the Shoals.
 12852 | Lair:3   | Reached skill level 5 in Throwing
 12886 | Lair:3   | Received a gift from Okawaru
 13128 | Lair:4   | Identified the +1 great sword "Azit" {flame, Fly MP-9
                  | Int+3}
 13404 | Lair:4   | You fall into a shaft and drop 1 floor!
 13404 | Lair:5   | Entered Level 5 of the Lair of Beasts
 13414 | Lair:5   | Reached ****** piety under Okawaru
 13475 | Lair:5   | Found a dark tunnel.
 13484 | Volcano  | Entered a volcano
 13744 | Lair:5   | Identified the +0 helmet "Henaoras" {rElec rPois Dex-3
                  | Slay+4}
 13758 | Lair:5   | Identified the +0 pair of boots of Forking Paths {rC- rN+
                  | Int+9 Dex+2} (Okawaru gifted it to you on level 5 of the
                  | Lair of Beasts)
 13758 | Lair:5   | Received a gift from Okawaru
 14101 | Lair:4   | Found a viscous altar of Jiyva.
 14102 | Lair:4   | Found a staircase to the Slime Pits.
 14904 | Lair:5   | Noticed a dire elephant
 14904 | Lair:5   | Noticed a dire elephant
 14905 | Lair:5   | Noticed a dire elephant
 14921 | Lair:5   | Noticed a dire elephant
 14940 | Lair:5   | Killed a dire elephant
 14998 | Lair:5   | Reached XP level 14. HP: 127/127 MP: 18/18
 15168 | Lair:5   | Received a gift from Okawaru
 15328 | Lair:5   | Identified the staff of air "Anlozxer" {rElec Str+6 Int+4}
 15395 | Lair:5   | Identified the +0 robe of the Flute {Dex+2}
 15942 | D:11     | Noticed Amaemon
 15951 | D:11     | Killed Amaemon
 15991 | D:11     | Found Gaseupugg's General Store.
 16076 | D:11     | Bought a potion of heal wounds for 65 gold pieces
 16375 | D:12     | Found a frozen archway.
 16388 | IceCv    | Entered an ice cave
 16403 | IceCv    | Received a gift from Okawaru
 16631 | IceCv    | Noticed a reaper
 16644 | IceCv    | Killed a reaper
 16886 | D:12     | Found a staircase to the Orcish Mines.
 16952 | D:12     | Noticed Jorgrun
 16966 | D:12     | Killed Jorgrun
 17098 | D:12     | Noticed Maurice
 17109 | D:12     | Killed Maurice
 17615 | D:13     | Received a gift from Okawaru
 17667 | D:13     | Reached XP level 15. HP: 39/139 MP: 18/20
 17966 | D:13     | Received a gift from Okawaru
 18166 | D:13     | Identified the +5 broad axe of the Protecting Enemy {drain,
                  | Int+2 Dex+3}
 18406 | D:13     | Identified the +5 pair of gloves of the Beloved Grue {Fly
                  | rElec} (Okawaru gifted it to you on level 13 of the
                  | Dungeon)
 18406 | D:13     | Received a gift from Okawaru
 18492 | D:13     | Found Kamexzebru's Tremendous Tomes.
 18737 | D:14     | Noticed Rupert
 18748 | D:14     | Killed Rupert
 18801 | D:14     | Reached skill level 15 in Armour
 18809 | D:14     | Reached skill level 15 in Shields
 18860 | D:14     | Reached skill level 15 in Fighting
 19058 | D:14     | Found a gate to the Vaults.
 19493 | D:15     | Entered Level 15 of the Dungeon
 19554 | D:15     | Found a staircase to the Depths.
 19557 | D:15     | Noticed Louise
 19577 | D:15     | Killed Louise
 19903 | D:15     | Identified the +0 chain mail of Dishonour {rPois rC++ Int-5
                  | Stlth-}
 20246 | Orc:1    | Entered Level 1 of the Orcish Mines
 20492 | Orc:2    | Entered Level 2 of the Orcish Mines
 20519 | Orc:2    | Found Avoqy's Magic Scroll Shop.
 20528 | Orc:2    | Bought a scroll of blinking for 90 gold pieces
 20528 | Orc:2    | Bought 3 scrolls of blinking for 270 gold pieces
 20528 | Orc:2    | Bought a scroll of enchant armour for 90 gold pieces
 20528 | Orc:2    | Bought a scroll of teleportation for 36 gold pieces
 20584 | Orc:2    | Noticed Saint Roka
 20672 | Orc:1    | HP: 2/143 [Saint Roka/divine providence (17)]
 20806 | Orc:1    | Killed Saint Roka
 20973 | Orc:2    | Found Oloumiof's Antique Weapon Emporium.
 20988 | Orc:2    | Found Etay's General Store.
 21048 | Orc:2    | Found Cisua's Jewellery Emporium.
 21057 | Orc:2    | Bought a ring of willpower for 400 gold pieces
 21117 | Orc:2    | Found Ogeysa's Antique Armour Emporium.
 21128 | Orc:2    | Bought a potion of heal wounds for 70 gold pieces
 21128 | Orc:2    | Bought a scroll of teleportation for 42 gold pieces
 21210 | Orc:2    | Found a staircase to the Elven Halls.
 21385 | Orc:2    | Found Gullaoti's CLEARANCE SALE!.
 21393 | Orc:2    | Bought 3 silver javelins for 135 gold pieces
 21393 | Orc:2    | Bought a potion of heal wounds for 25 gold pieces
 21708 | Spider:1 | Entered Level 1 of the Spider Nest
 21713 | Spider:1 | Received a gift from Okawaru
 22364 | Spider:2 | Received a gift from Okawaru
 22414 | Spider:2 | Received a gift from Okawaru
 22419 | Spider:2 | Reached XP level 16. HP: 151/151 MP: 21/21
 22586 | Spider:2 | Received a gift from Okawaru
 22905 | Spider:2 | Identified the +0 pair of gloves of the Moon {Rampage rN+
                  | MP+9 Int-5} (Okawaru gifted it to you on level 2 of the
                  | Spider Nest)
 22905 | Spider:2 | Received a gift from Okawaru
 23382 | Spider:3 | Noticed Agnes
 23396 | Spider:3 | Killed Agnes
 23681 | Spider:3 | Noticed Arachne
 23701 | Spider:3 | Killed Arachne
 23826 | Spider:3 | Found a transporter.
 23836 | Spider:3 | Noticed laqueoix's ghost (journeyman DECj)
 23858 | Spider:3 | Found a transporter.
 23925 | Spider:3 | Killed laqueoix's ghost
 24175 | Spider:3 | Received a gift from Okawaru
 24440 | Spider:4 | Entered Level 4 of the Spider Nest
 24451 | Spider:4 | Reached XP level 17. HP: 149/161 MP: 23/23
 24453 | Spider:4 | Reached skill level 10 in Invocations
 24696 | Spider:4 | Received a gift from Okawaru
 25080 | Spider:4 | Identified the +2 pair of boots "Diecyid" {Str+5 Dex+4}
 25101 | Spider:4 | Got a gossamer rune of Zot
 25430 | Shoals:1 | Entered Level 1 of the Shoals
 25430 | Shoals:1 | Found Myas's Merry Market.
 25544 | Shoals:1 | Identified the +0 broad axe of Integrity {drain, rPois
                  | Str+3 Stlth+} (Okawaru gifted it to you on level 1 of the
                  | Shoals)
 25544 | Shoals:1 | Received a gift from Okawaru
 25845 | Shoals:1 | Identified the +6 quarterstaff of Severance {heavy, rF+
                  | Int+3 Dex+2}
 26454 | Shoals:2 | Noticed Polyphemus
 26471 | Shoals:2 | Killed Polyphemus
 26516 | Shoals:2 | Received a gift from Okawaru
 27077 | Shoals:3 | Found Idghibul's Book Shoppe.
 27216 | Shoals:3 | Noticed a kraken
 27228 | Shoals:3 | Killed a kraken
 27663 | Shoals:4 | Entered Level 4 of the Shoals
 27674 | Shoals:4 | Identified the +11 scimitar of Joyful Slaughter {heavy,
                  | *Noise rC+ Str+3}
 27781 | Shoals:4 | Identified the +4 broad axe of Tartarus {freeze, *Noise
                  | rF+++ Dex+7 Stlth+} (Okawaru gifted it to you on level 4 of
                  | the Shoals)
 27781 | Shoals:4 | Received a gift from Okawaru
 27836 | Shoals:4 | Reached XP level 18. HP: 168/173 MP: 25/25
 28338 | Shoals:4 | Got a barnacled rune of Zot
 28890 | Vaults:1 | Entered Level 1 of the Vaults
 28902 | Vaults:1 | Received a gift from Okawaru
 28903 | Vaults:1 | Reached skill level 10 in Throwing
 29002 | Vaults:1 | Found a flickering gateway to a bazaar.
 29011 | Bazaar   | Entered a bazaar
 29011 | Bazaar   | Found Ejyoqal's Antique Armour Shop.
 29011 | Bazaar   | Found Teicur's Armour Shoppe.
 29011 | Bazaar   | Found Kydim's Antique Weapon Shop.
 29014 | Bazaar   | Found Cilijem's General Store.
 29060 | Bazaar   | Bought a scroll of teleportation for 36 gold pieces
 29060 | Bazaar   | Bought a potion of heal wounds for 60 gold pieces
 29413 | Vaults:1 | You are sucked into a shaft and drop 1 floor!
 29540 | Vaults:2 | Found a magical portal.
 29549 | WizLab   | Entered Doroklohe's Tomb
 29774 | WizLab   | Identified the +10 trident "Toxah" {protect, Fragile rC+++
                  | Dex+7}
 29774 | WizLab   | Noticed a royal mummy
 29785 | WizLab   | Received a gift from Okawaru
 30512 | Vaults:2 | Received a gift from Okawaru
 30658 | Vaults:2 | Noticed Aizul
 30669 | Vaults:2 | Killed Aizul
 30786 | Vaults:2 | Identified the +0 robe of the Sunfish {rElec Int-3 Dex+3}
                  | (Okawaru gifted it to you on level 2 of the Vaults)
 30786 | Vaults:2 | Received a gift from Okawaru
 30874 | Vaults:2 | Reached XP level 19. HP: 103/183 MP: 24/27
 30991 | Vaults:2 | Identified the +3 arbalest "Saops" {antimagic, rElec rC+
                  | Dex-2}
 31088 | Vaults:2 | Found a staircase to the Crypt.
 31293 | Vaults:2 | Noticed Nikola
 31308 | Vaults:2 | Killed Nikola
 31896 | Vaults:3 | Identified the +3 great mace "Xisuxu" {heavy, Int+3}
 32050 | Vaults:3 | Identified a scroll of acquirement
 32063 | Vaults:3 | Received a gift from Okawaru
 32121 | Vaults:3 | Acquired a manual of Fighting
 32150 | Vaults:3 | Identified the +1 robe of Joy {Will+ rCorr Dex+2} (Okawaru
                  | gifted it to you on level 3 of the Vaults)
 32150 | Vaults:3 | Received a gift from Okawaru
 33267 | Vaults:4 | Received a gift from Okawaru
 33272 | Vaults:4 | Reached XP level 20. HP: 199/199 MP: 28/28
 33479 | Vaults:4 | Received a gift from Okawaru
 33488 | Vaults:4 | Found Weatiub's General Store.
 33491 | Vaults:4 | Bought a scroll of teleportation for 63 gold pieces
 33967 | Vaults:4 | Found Onaj's Antique Weapon Emporium.
 33984 | Vaults:4 | Received a gift from Okawaru
 34089 | Vaults:4 | Found Ixedic's Book Shop.
 34202 | Vaults:4 | Found Seigh's Assorted Antiques.
 34209 | Vaults:4 | Bought a potion of haste for 400 gold pieces
 34329 | Vaults:4 | Received a gift from Okawaru
 34744 | Depths:1 | Entered Level 1 of the Depths
 35060 | Depths:1 | Found a gateway to Hell.
 35329 | Depths:1 | Found an iron altar of Okawaru.
 35501 | Depths:1 | Found a corrupted altar of Lugonu.
 35501 | Depths:1 | Found a one-way gate to the infinite horrors of the Abyss.
 35585 | Depths:2 | Found a hide-covered altar of Uskayaw.
 35857 | Depths:2 | Found Dadal's Jewellery Shop.
 35886 | Depths:2 | Bought the ring of Lucidity {Drain rF+ rN+ Int+3} for 520
                  | gold pieces
 36019 | Depths:2 | Noticed Sojobo
 36041 | Depths:2 | Paralysed by an air elemental for 1 turns
 36045 | Depths:2 | Killed Sojobo
 36317 | Depths:2 | Reached XP level 21. HP: 69/214 MP: 29/29
 36618 | Depths:2 | Found a one-way gate leading to the halls of Pandemonium.
 36623 | Depths:2 | Received a gift from Okawaru
 36712 | Depths:2 | Noticed a caustic shrike
 36724 | Depths:2 | Killed a caustic shrike
 36805 | Depths:2 | Noticed a caustic shrike
 36837 | Depths:2 | Found the +5 glaive of the Guard {elec, spectral, AC+5}
 36844 | Depths:2 | Identified the +3 scale mail "Banem" {rC+ rN+ Str+4}
                  | (Okawaru gifted it to you on level 2 of the Depths)
 36844 | Depths:2 | Received a gift from Okawaru
 36929 | Depths:2 | Killed a caustic shrike
 37206 | Depths:3 | Noticed a golden dragon
 37285 | Depths:3 | Noticed a golden dragon
 37285 | Depths:3 | Noticed a juggernaut
 37298 | Depths:3 | Killed a juggernaut
 37433 | Depths:3 | Noticed a caustic shrike
 37443 | Depths:3 | Killed a caustic shrike
 37537 | Depths:3 | Noticed a golden dragon
 37546 | Depths:3 | Killed a golden dragon
 37571 | Depths:3 | Killed a golden dragon
 37650 | Depths:3 | Noticed a caustic shrike
 37666 | Depths:3 | Killed a caustic shrike
 37679 | Depths:3 | Killed a golden dragon
 37693 | Depths:3 | Noticed a golden dragon
 37700 | Depths:3 | Killed a golden dragon
 37700 | Depths:3 | Identified the scarf "Ytatheir" {shadows, Dex+4} (Okawaru
                  | gifted it to you on level 3 of the Depths)
 37700 | Depths:3 | Received a gift from Okawaru
 38196 | Depths:4 | Entered Level 4 of the Depths
 38196 | Depths:4 | Noticed a juggernaut
 38209 | Depths:4 | Killed a juggernaut
 38450 | Depths:4 | Noticed a golden dragon
 38465 | Depths:4 | Killed a golden dragon
 38466 | Depths:4 | Reached XP level 22. HP: 116/226 MP: 28/30
 38466 | Depths:4 | Found a gate to the Realm of Zot.
 38797 | Depths:4 | Found a one-way gateway to a ziggurat.
 39108 | Depths:4 | Received a gift from Okawaru
 39505 | Orc:2    | Bought a ring of resist corrosion for 320 gold pieces
 39701 | Slime:1  | Entered Level 1 of the Pits of Slime
 39725 | Slime:1  | Gained mutation: You are partially covered in iridescent
                  | scales. (AC +2) [a shining eye]
 39757 | Slime:2  | Noticed Dissolution
 39768 | Slime:2  | Killed Dissolution
 39768 | Slime:2  | Received a gift from Okawaru
 39777 | Slime:2  | Gained mutation: You are frail. (-10% HP) [a shining eye]
 39865 | Slime:4  | Gained mutation: You are vulnerable to heat. (rF-) [a
                  | shining eye]
 39870 | Slime:4  | Identified the +0 ring mail of Seluigh {Int+3 SInv}
                  | (Okawaru gifted it to you on level 4 of the Pits of Slime)
 39870 | Slime:4  | Received a gift from Okawaru
 39992 | Slime:4  | Gained mutation: Your body sometimes deteriorates upon
                  | taking damage. [a shining eye]
 40283 | Slime:5  | Entered Level 5 of the Pits of Slime
 40399 | Slime:3  | Noticed Donald
 40402 | Slime:3  | Killed Donald
 40403 | Slime:3  | Paralysed by a floating eye for 3 turns
 41491 | Slime:5  | Gained mutation: You sometimes lose your temper in combat.
                  | [a shining eye]
 41628 | Slime:5  | Noticed the Royal Jelly
 41640 | Slime:4  | Gained mutation: You are vulnerable to cold. (rC-) [a
                  | shining eye]
 41643 | Slime:4  | Gained mutation: Your spells are a little harder to cast,
                  | but a little more powerful. [a shining eye]
 42263 | Slime:5  | Killed the Royal Jelly
 42369 | Slime:5  | Identified the staff of earth "Hont" {rCorr}
 42454 | Slime:5  | Identified the staff of cold "Ypump" {Contam rC+ Will++
                  | Str+3 Int+2}
 42468 | Slime:5  | Got a slimy rune of Zot
 43022 | Vaults:5 | Entered Level 5 of the Vaults
 43037 | Vaults:5 | Received a gift from Okawaru
 43037 | Vaults:5 | Found the +3 Mad Mage's Maulers {Infuse+∞ VampMP -Cast}
 43045 | Vaults:5 | Noticed a dread lich
 43048 | Vaults:5 | Reached XP level 23. HP: 208/214 MP: 26/31
 43075 | Vaults:5 | Identified the amulet "Guramead" {RegenMP Drain rElec Int+2
                  | SInv}
 43089 | Vaults:5 | Identified the ring of Fapyfic {Fly rF- rN+ MP+9 Int+6}
 43144 | Vaults:5 | Killed a dread lich
 43546 | Vaults:5 | Reached skill level 27 in Fighting
 43759 | Vaults:5 | Got a silver rune of Zot
 43782 | Vaults:5 | Identified the ring "Zeapeol" {rPois EV+5 Int+6}
 43875 | Vaults:5 | Found Zired's Antique Weapon Shoppe.
 44061 | Vaults:5 | Identified the +1 robe "Higokhit" {rElec Str-5 Int+3}
                  | (Okawaru gifted it to you on level 5 of the Vaults)
 44061 | Vaults:5 | Received a gift from Okawaru
 44066 | Vaults:5 | Identified the +3 battleaxe of the Swamp {spect, rCorr}
 44315 | Vaults:5 | Got the Compendium of the Cursed Shot
 44591 | Vaults:5 | Got the Codex of Heated Teratogeny
 45491 | Zot:1    | Entered Level 1 of the Realm of Zot
 46573 | Zot:1    | Identified the +7 shortbow of Dithmenos {freeze, rElec}
 46707 | Zot:1    | Reached skill level 27 in Armour
 46707 | Zot:1    | Reached XP level 24. HP: 194/224 MP: 31/31
 46717 | Zot:1    | Reached skill level 27 in Shields
 47117 | Zot:2    | Received a gift from Okawaru
 47278 | Zot:2    | HP: 2/224 [red draconian scorcher/damnation[a black
                  | draconian knight] (35)]
 47461 | Zot:2    | Noticed an orb of fire
 47464 | Zot:2    | Gained mutation: Your magical capacity is low. (-10% MP)
                  | [an orb of fire]
 47473 | Zot:2    | Killed an orb of fire
 47682 | Zot:2    | HP: 10/224 [green draconian] (14)]
 47682 | Zot:2    | Mangled by a red draconian

Illustrated notes

Levels and vault maps discovered:
D:1:      kennysheep_arrival_seaside, layout_loops_ring
D:2:      layout_loops_ring, shapermc_ecumenical_altar_mp_highgroup,
          basic_altar, uniq_terence, uniq_robin, uniq_natasha
D:3:      layout_basic, vehumet_crystals, grunt_ministairs_5,
          kennysheep_generic_room_10, uniq_grinder
D:4:      layout_basic, xom_confusion_cloud
D:5:      layout_rooms, hellmonk_ghost_happy_afterlife, uniq_edmund,
          uniq_sigmund
D:6:      layout_cave_pools, minmay_temple_entry_crystal_x, serial_column_ruins,
          column_ruins_columns_corner, column_ruins_grid_3,
          column_ruins_open_small, column_ruins_corridor_straight,
          column_ruins_grid_3, uniq_maggie, uniq_pikel, uniq_crazy_yiuf_cottage
D:7:      minmay_the_grid_octo_2x2 [minmay_the_grid_octo_fan_narrow,
          minmay_the_grid_octo_tetromino_candy, minmay_the_grid_octo_focus,
          minmay_the_grid_octo_prize_single_spiral], layout_basic,
          kennysheep_little_box
D:8:      minmay_polygon_palace, layout_cave_pods, cheibrodos_ashenzari_chains,
          serial_glass, glass_columns_a, glass_columns_c, minmay_fire_ice_demons
D:9:      gammafunk_indiana_jones, layout_loops_cross,
          grunt_lair_entry_orc_guard_hut, enter_bailey_2, serial_shops,
          nicolae_stop_n_shop_1, hangedman_glass_teeth
D:10:     layout_basic, mainiacjoe_overflow_paths, corexii_checkpoint_b
D:11:     layout_roguey, serial_shops, nicolae_shop_crystal, uniq_amaemon
D:12:     layout_roguey, orc_0_dummy, portal_ice_cave_entry_pillars_2,
          uniq_maurice, uniq_jorgrun
D:13:     layout_small_grid, hangedman_decor_push,
          nicolae_shop_i_like_big_books, nzn_random_ring
D:14:     layout_loops_cross, hangedman_vaults_entry_quadrant_bands,
          serial_bayou_ford_a, uniq_rupert
D:15:     grunt_enter_depths_hoard, layout_rooms,
          hangedman_abyss_or_decor_stagger, chequers_serial_rivers_large_a,
          uniq_louise
Temple:   bh_familiar_temple
Lair:1:   kb_forest_paths, layout_hall_layers, uniq_nergalle
Lair:2:   layout_layer_cave, spider_nest_entry_rubble, grunt_megastairs_3,
          serial_bayou_shore_a
Lair:3:   layout_gridlike, elwin_shoals_entry_stream
Lair:4:   layout_cave_pods, slime_entry_1, minivault_25
Lair:5:   due_jungle_book, layout_regular_city,
          lightli_volcano_entry_magma_tube, grunt_megastairs_2
Shoals:1: layout_shoals, nicolae_alphabet_shops,
          nicolae_shoals_hidden_pirate_stash
Shoals:2: nicolae_shoals_island_circles, layout_shoals, uniq_polyphemus
Shoals:3: layout_shoals, nicolae_stop_n_shop_2
Shoals:4: shoals_end_grunt_garden, layout_shoals
Spider:1: layout_spider_delve, drop_trap
Spider:2: layout_spider_delve, drop_trap
Spider:3: layout_spider_delve, gammafunk_ghost_mausoleum,
          nicolae_arachne_temple, uniq_agnes
Spider:4: grunt_spider_rune_circles
Slime:1:  layout_caves, nicolae_slime_barrier
Slime:2:  layout_caves, dissolution_awaits
Slime:3:  cheibrodos_slime_lost_civilization_3, layout_caves, uniq_donald
Slime:4:  layout_caves, uniq_dissolution
Slime:5
Orc:1:    layout_diamond_mine, serial_shops, shop, shop
Orc:2:    grunt_orc_cross, layout_caves, serial_shops, nicolae_shop_tiny_glass,
          basic_altar, nicolae_shop_clearance
Vaults:1: v_rooms_4, ontoclasm_vaults_twist, nicolae_vaults_prndl,
          nicolae_vaults_sealed_display, nicolae_vaults_turnstiles,
          vaults_dpeg_emergency_exit, nicolae_vaults_little_squares_4,
          nicolae_vaults_hallways_thing, nicolae_vaults_closet_pinwheel_3,
          nicolae_vaults_diagonal_hallway_6, nicolae_vaults_trapezoid_layered,
          layout_vaults_big_room, serial_shops, bzr_entry_lakeside
Vaults:2: mu_enter_wizlab_6, hangedman_vaults_restitches,
          minmay_crypt_entry_simple_statues, nicolae_vaults_closet_pinwheel_1,
          nicolae_vaults_storage_closets_1, v_alt_pattern_4,
          nicolae_vaults_door_testing_chamber, v_alt_pattern_5,
          nicolae_vaults_octothorpe, nicolae_vaults_yaktaur_gun_rack,
          nicolae_vaults_shock_wave, ontoclasm_vaults_idyll,
          vaults_room_semicircle, nicolae_vaults_trapezoid_1,
          layout_vaults_ring, uniq_nikola, uniq_aizul
Vaults:3: hangedman_vaults_stitches, ontoclasm_vaults_decontamination,
          nicolae_vaults_spaceships, hangedman_vaults_cutoff,
          nicolae_vaults_cochlea, nicolae_vaults_stand_back,
          ontoclasm_vaults_chip, nicolae_vaults_asterisk,
          nicolae_vaults_tetromino_L_1, nicolae_vaults_storage_room_glass,
          ontoclasm_vaults_gateway, layout_vaults_omnigrid
Vaults:4: hangedman_vaults_slice, v_misc_23, nicolae_vaults_house_2,
          nicolae_vaults_diamond_2, nicolae_vaults_ring_of_whatevers,
          nicolae_vaults_network_quinsquares
          [nicolae_vaults_network_quincunx_subvault,
          nicolae_vaults_network_quincunx_subvault,
          nicolae_vaults_network_quincunx_subvault,
          nicolae_vaults_network_quincunx_subvault], vaults_room_ringed_pool,
          hangedman_vaults_nails, nicolae_vaults_crenellated_ambush,
          nicolae_vaults_double_plus_2, nicolae_vaults_closet_pinwheel_4,
          ontoclasm_vaults_spin, vaults_dpeg_encased_lava, grunt_vaults_funnel,
          nicolae_vaults_tetromino_Z_2, grunt_vaults_hallway_short,
          layout_vaults_big_cross, serial_shops, nicolae_shop_behind_doors,
          shop, nicolae_shop_tiny_waterfront, shop
Vaults:5
Depths:1: layout_cave_shapes, pf_dread_powers_of_hell, abyss_entry_flame_altar,
          serial_rivers, chequers_serial_rivers_micro_c,
          chequers_serial_rivers_marsh, chequers_serial_rivers_micro_d,
          chequers_serial_rivers_small_3, okawaru_altar_gauntlet_db
Depths:2: minmay_guarded_unrand_guard, layout_honeycomb, minmay_strange_pillars,
          grunt_pan_entry_in_and_out, hell_entry, serial_shops,
          nicolae_shop_hallway_stairs, abyss_entry,
          hangedman_abyss_or_decor_jellyfish_corner, small_statue_intersection,
          minivault_11, dancing_weapons_uskayaw, infiniplex_staircase_star,
          uniq_sojobo
Depths:3: minmay_central_circle, layout_basic, abyss_entry, pan_entry,
          grunt_hell_entry_dis_old, minmay_misc_feat_nine_boxes
Depths:4: grunt_crosshair, layout_long_grid, enter_ziggurat_b,
          grunt_mini_vestibule, serial_rivers, chequers_serial_rivers_large_b,
          chequers_serial_rivers_micro_d, chequers_serial_rivers_micro_e,
          chequers_serial_rivers_micro_d
Zot:1:    layout_basic, grunt_ministairs_11, st_small_dragon_hoard_4
Zot:2:    kennysheep_spiral_hall, layout_cathedral_of_symmetry
Zot:3:    layout_gridville

Skill      XL: |  1  2  3  4  5  6  7  8  9 10 11 12 13 14 15 16 17 18 19 20 21 22 23 24 |
---------------+-------------------------------------------------------------------------+-----
Axes           | 3 4 5 6 7 9 11 12 14 15 17 18 19 | 19.7
Shields        | 4 5 6 7 8 9 10 11 12 14 16 17 18 19 21 22 23 25 26 27 | 27.0
Fighting       | 4 5 6 7 8 9 10 11 12 14 16 17 18 19 21 24 25 26 27 | 27.0
Armour         | 4 5 6 7 8 9 10 11 13 14 16 17 18 19 21 22 23 25 27 | 27.0
Invocations    | 3 5 6 8 9 11 12 13 | 13.0
Throwing       | 1 4 5 7 9 10 | 10.0

Action                     |  1- 3 |  4- 6 |  7- 9 | 10-12 | 13-15 | 16-18 | 19-21 | 22-24 || total
---------------------------+-------+-------+-------+-------+-------+-------+-------+-------++-------
  Melee: War axe           |    77 |   125 |   277 |   581 |       |       |       |       ||  1060
         Headbutt          |     8 |    26 |    50 |   144 |   254 |   263 |   313 |   337 ||  1395
         Broad axe         |       |       |       |    64 |   941 |   998 |   993 |   896 ||  3892
         Hand axe          |       |       |       |     5 |       |       |       |       ||     5
  Throw: Dart              |       |     3 |     6 |     7 |     3 |       |       |       ||    19
         Javelin           |       |       |       |     6 |       |     8 |    39 |    55 ||   108
         Throwing net      |       |       |       |       |       |       |       |     1 ||     1
 Invoke: Heroism           |       |       |       |     9 |    14 |     9 |    19 |    21 ||    72
         Finesse           |       |       |       |       |     1 |       |       |     3 ||     4
  Evoke: Wand              |       |       |       |     4 |       |       |       |       ||     4
    Use: Scroll            |       |     9 |     4 |    16 |    10 |     8 |     1 |     9 ||    57
         Potion            |       |       |       |     1 |     1 |       |       |    13 ||    15
   Stab: Distracted        |       |       |       |       |       |       |     1 |       ||     1
 Armour: Scale mail        |    18 |       |       |       |       |       |       |       ||    18
         Chain mail        |    12 |     2 |       |       |       |       |       |       ||    14
         Plate armour      |       |    73 |   220 |   406 |   217 |       |       |       ||   916
         Crystal plate arm |       |       |       |       |   314 |   776 |   523 |   465 ||  2078
  Dodge: Dodged            |    31 |    23 |    75 |   150 |   154 |   249 |   176 |   160 ||  1018
  Block: Buckler           |    14 |    25 |    56 |       |       |       |       |       ||    95
         Kite shield       |       |       |    24 |   352 |   398 |       |       |       ||   774
         Tower shield      |       |       |       |       |   261 |  1216 |   987 |   883 ||  3347
